 Dungeon Crawl Stone Soup version 0.17-a0-1871-gdc8eb4e (webtiles) character file.

290 DecibelRebel the Sneak (level 6, -3/28 HPs)
             Began as a Spriggan Enchanter on Sept 21, 2015.
             Was an Initiate of Dithmenos.
             Killed by divine providence
             ... invoked by an orc priest
              (13 damage)
             ... on level 3 of the Dungeon.
             The game lasted 00:25:54 (4142 turns).

DecibelRebel the Sneak (Spriggan Enchanter)         Turns: 4142, Time: 00:25:54

Health: -3/28      AC:  3    Str:  6    XL:     6   Next: 9%
Magic:  8/11       EV: 18    Int: 16    God:    Dithmenos [......]
Gold:   94         SH:  0    Dex: 17    Spells: 3 memorised, 5 levels left

rFire  . . .     SeeInvis +     g - +3 dagger
rCold  . . .     Clarity  .     b - +1 robe
rNeg   . . .     SustAt   .     (shield restricted)
rPois  .         Gourm    .     (helmet restricted)
rElec  .         Spirit   .     (no cloak)
rCorr  .         Warding  .     (gloves unavailable)
rMut   .         Stasis   .     (boots unavailable)
MR     +....                    (no amulet)
Stlth  ++++......               (no ring)
                                (no ring)

@: very slightly contaminated, very quick, somewhat resistant to hostile
enchantments, stealthy
A: unfitting armour, see invisible, herbivore 3, speed 3, slow metabolism 2
a: Renounce Religion


You were on level 3 of the Dungeon.
You worshipped Dithmenos.
Dithmenos was noncommittal.
You were not hungry.

You visited 1 branch of the dungeon, and saw 3 of its levels.
You also visited: Sewer.

You collected 94 gold pieces.

Inventory:

Hand weapons
 a - a +1 dagger
 g - a +3 dagger (weapon)
Armour
 b - a +1 robe (worn)
Jewellery
 e - an uncursed ring of wizardry {unknown}
Scrolls
 h - a scroll of enchant weapon {unknown}
 i - 2 scrolls of magic mapping {unknown}
 j - 2 scrolls of teleportation {unknown}
 k - a scroll of blinking {unknown}
 n - a scroll of fear {unknown}
Potions
 f - a potion of agility
 l - 2 potions of might
 m - 2 potions of heal wounds
 o - a potion of brilliance
 p - a potion of curing {unknown}
Books
 c - a book of Maledictions

   Spells                             Type                      Level
   a - Corona                         Hexes                        1
   b - Ensorcelled Hibernation        Hexes/Ice                    2
   c - Confuse                        Hexes                        3
   d - Tukima's Dance                 Hexes                        3
   e - Dazzling Spray                 Conjuration/Hexes            3
Comestibles
 d - 2 bread rations


   Skills:
 + Level 5.0 Short Blades
 + Level 3.2 Dodging
 * Level 7.0 Stealth
 - Level 3.0 Spellcasting
 - Level 4.0 Hexes


You had 5 spell levels left.
You knew the following spells:

 Your Spells              Type           Power        Failure   Level  Hunger
a - Corona                Hex            ###....      4%          1    #......
b - Ensorcelled Hibernat  Hex/Ice        #.....       14%         2    ##.....
c - Confuse               Hex            ###.....     12%         3    ###....


Dungeon Overview and Level Annotations

Branches:
Dungeon (3/15)

Altars:
Dithmenos
Gozag


Innate Abilities, Weirdness & Mutations

You are tiny and cannot use many weapons and most armour.
You have supernaturally acute eyesight.
You are a herbivore.
You cover ground extremely quickly.
You need consume almost no food.


Message History

Casting: Ensorcelled Hibernation
Confirm with . or Enter, or press ? or * to list all spells.
Aiming: Corona
Press: ? - help, Shift-Dir - straight line, f/p - orc priest
Aim: an orc priest, wielding a whip and wearing a scale mail (moderately wounded, chance to defeat MR: 51%)
You miscast Corona.
You are very lightly contaminated with residual magic.
Your skin glows momentarily.
The giant cockroach closely misses you. The orc priest misses you.
You hit the orc priest.
The orc priest is moderately wounded.
The giant cockroach misses you.
The orc priest mumbles some strange prayers to Beogh against you.
Pain shoots through your body!
You hit the orc priest but do no damage.
The orc priest is moderately wounded.
The giant cockroach misses you.
The orc priest calls down the wrath of Beogh upon you.
Something smites you!
You die...

.....)...............###
##.....##..............
##..#o.###....†..##..#
#..###..##..(.)..##..#
...###...÷.(##.......#
....#.÷#....##.#.##..## .#
.......#######.ob.)...##.#
.....### ###s##...##.#
......# ###@o.....#.#
......# #......##.#.#
......# #.#######.#.#
......# #.# #<..#######
......# #####.#
##..##....# ###...#
#.....# ###..##....# #<..#
#.##### #..........# #...#
#.# #........### #.### #.#
#........#


You could see an orc priest, an orc, a giant cockroach and a bat.

Vanquished Creatures
  2 orc wizards (D:3)
  Terence (D:1)
  2 orc priests (D:3)
  6 adders
  An ooze (D:2)
  5 orcs (D:3)
  7 ball pythons
  4 giant cockroaches
  10 goblins
  9 hobgoblins
  11 jackals
  2 quokkas
  9 bats
  A giant gecko (D:3)
  7 giant newts
  14 kobolds
  13 rats
  A plant (Sewer)
105 creatures vanquished.

Notes
Turn   | Place    | Note
--------------------------------------------------------------
     0 | D:1      | DecibelRebel the Spriggan Enchanter began the quest for the Orb.
     0 | D:1      | Reached XP level 1. HP: 9/9 MP: 5/5
   281 | D:1      | Reached XP level 2. HP: 13/13 MP: 7/7
   294 | D:1      | Learned a level 2 spell: Ensorcelled Hibernation
   418 | D:1      | Reached skill level 5 in Stealth
   868 | D:1      | Reached XP level 3. HP: 13/16 MP: 8/8
   927 | D:1      | Learned a level 3 spell: Confuse
  1356 | D:2      | Noticed Terence
  2033 | D:1      | Killed Terence
  2033 | D:1      | Reached XP level 4. HP: 21/21 MP: 6/9
  2388 | D:2      | Reached skill level 6 in Stealth
  2558 | D:3      | Found a glowing drain.
  2564 | Sewer    | Entered a sewer
  3359 | D:3      | Reached XP level 5. HP: 24/24 MP: 10/10
  3430 | D:3      | Found an opulent altar of Gozag.
  3570 | D:3      | Found a shadowy altar of Dithmenos.
  3837 | D:3      | Became a worshipper of Dithmenos the Shadowed
  3940 | D:3      | Reached skill level 5 in Short Blades
  3940 | D:3      | Reached skill level 7 in Stealth
  3940 | D:3      | Reached XP level 6. HP: 16/28 MP: 8/11
  4142 | D:3      | Killed from afar by an orc priest

Vault maps used:
D:1:      noname_arrival_rooms_in_the_neighbourhood
D:2:      minivault_25, kennysheep_boxes, uniq_terence
D:3:      nicolae_dithmenos_shadow_blocks, overflow_temple_1_default,
          portal_sewer_entry_e, first_bread, nicolae_gozag_seed_capital
Sewer:    sewer_co_scattered_pipes

Action                   |  1- 3 |  4- 6 || total
-------------------------+-------+-------++-------
Melee: Dagger            |   166 |   281 ||   447
 Cast: Corona            |    13 |     2 ||    15
       Ensorcelled Hiber |    11 |    10 ||    21
  Use: Scroll            |       |     4 ||     4
 Stab: Sleeping          |    11 |    17 ||    28
       Distracted        |     1 |     1 ||     2
  Eat: Bread ration      |       |     1 ||     1
